 Dungeon Crawl Stone Soup version 0.27-a0-1325-g58a489ad9e (webtiles) character file.

Game seed: 9854401883390989656

42 snetch the Magician (level 3, -2/25 HPs)
             Began as a Djinni Fire Elementalist on June 24, 2021.
             Was an Initiate of Makhleb.
             Slain by a quokka (4 damage)
             ... on level 1 of the Dungeon.
             The game lasted 00:06:37 (1678 turns).

snetch the Magician (Djinni Fire Elementalist)      Turns: 1678, Time: 00:06:38

Health: -2/25      AC:  3    Str:  7    XL:     3   Next: 80%
Gold:   15         EV: 11    Int: 17    God:    Makhleb [......] SH:  0 Dex: 13

rFire    + + .     SeeInvis .   (no weapon)
rCold    x . .     Faith    .   (no shield)
rNeg     . . .     Spirit   .   c - +0 leather armour
rPois    ∞         Reflect  .   (no helmet)
rElec    .         Harm     .   (no cloak)
rCorr    .         Rampage  .   (no gloves)
Will     .....                  (boots unavailable)
Stlth    ++........             (no amulet)
HPRegen  0.08/turn              (no ring)
MPRegen  0.00/turn              (no ring)

@: flying, studying Evocations
A: sickness immunity, fire resistance 2, cold vulnerability 1, float, innate
caster, hp casting, extra vitality 1
a: Renounce Religion


You were on level 1 of the Dungeon.
You worshipped Makhleb.
Makhleb was noncommittal.
You visited 1 branch of the dungeon, and saw 3 of its levels.

You collected 97 gold pieces.
You spent 82 gold pieces at shops.

Inventory:

Hand Weapons
 j - a +0 short sword of flaming
Missiles
 d - 101 stones
 h - 9 poisoned darts
 p - 13 arrows
Armour
 c - a +0 leather armour (worn)
 q - a +0 ring mail
Jewellery
 g - a ring of fire
Wands
 b - a wand of flame (13)
Scrolls
 a - a scroll of amnesia {unknown}
 f - 2 scrolls of identify {unknown}
 k - a scroll of noise
 l - a scroll of fear
 m - a scroll of teleportation
Potions
 e - a potion of invisibility {unknown}
 i - a potion of attraction {unknown}
 n - 3 potions of curing {unknown}
 o - a potion of degeneration {unknown}


   Skills:
 + Level 0.1 Armour
 + Level 2.4 Dodging
 + Level 1.9 Stealth
 + Level 3.2 Spellcasting


You couldn't memorise any spells.
You knew the following spells:

 Your Spells              Type           Power      Damage    Failure   Level
a - Foxfire               Conj/Fire      52%        2x1d6     6%          1
b - Conjure Flame         Conj/Fire      13%        6-21      19%         3
c - Inner Flame           Hex/Fire       13%        N/A       19%         3
d - Sticky Flame          Conj/Fire      13%        2d4       54%         4
e - Fireball              Conj/Fire      6%         3d5       87%         5
f - Corona                Hex            14%        N/A       6%          1
Your spell library was empty.

Dungeon Overview and Level Annotations

Branches:
Dungeon (3/15)

Altars:
Makhleb

Shops:
D:2 ?

Annotations:
D:2 Sigmund


Innate Abilities, Weirdness & Mutations

You are immune to sickness and miasma.
You are immune to poison.
Your flesh is very heat resistant. (rF++)
You are vulnerable to cold. (rC-)
You float through the air rather than walking.
You learn spells naturally, not from books.
Your magical power is your life essence.
You have superior vitality. (+4 HP)


Message History

A frilled lizard comes into view.
The frilled lizard hisses angrily.
A bat comes into view.
The quokka bites you. The frilled lizard bites you.
The bat hits you but does no damage. The quokka bites you.
* * * LOW HITPOINT WARNING * * *
The bat hits you but does no damage. The bat closely misses you.
The bat hits you but does no damage. The quokka barely misses you.
There is a stone staircase leading up here.
The bat misses you. Something hits you.
* * * LOW HITPOINT WARNING * * *
The quokka bites you.
* * * LOW HITPOINT WARNING * * *
You fly upwards.
Reactivating autopickup.
There is a stone staircase leading down here.
Casting: Foxfire (safe; 6% risk of failure)
Press: ? - help, Q - select action, (/) - cycle Dir - look around, f - activate You conjure some foxfire!
* * * LOW HITPOINT WARNING * * *
The quokka misses you.
The foxfire hits the quokka.
The quokka is moderately wounded.
The quokka bites you.
* * * LOW HITPOINT WARNING * * *
Unknown command.
You don't have enough health to cast this spell.
You don't have enough health to cast this spell.
The quokka closely misses you. The quokka closely misses you.
You don't have enough health to cast this spell.
You don't have enough health to cast this spell.
The quokka barely misses you. The quokka barely misses you.
The quokka closely misses you. The quokka bites you.
You die...

.....##.#.#.#.#.#.# ##.#.#
.....##.##.#.#.#..# #.#.#
.##.....#.#.#.#.### #.#.#
.#########.#<#.#.# #...# .#
#.#.#.#.## #...# .# ##.#.#.#.#
#...# .# ##.#.#.#.## #.#># .#
#..[.[..#############.###
.#######.####..#@r...........#
.#........# #[.#.#############
.##.####..# #.##.# .##†# #..#
#....# .##.# #..# ###### ..†.#
#..# .#######..# ..........#
#########.#


You could see a quokka.

Vanquished Creatures
  An adder (D:2)
  A worm (D:2)
  2 ball pythons (D:1)
  2 bats
  3 endoplasms
  3 giant cockroaches
  3 goblins (D:2)
  5 hobgoblins
  A kobold (D:2)
  2 frilled lizards
  3 rats
26 creatures vanquished.

Vanquished Creatures (others)
  101 foxfires
101 creatures vanquished.

Grand Total: 127 creatures vanquished

Notes
Turn   | Place    | Note
-------+----------+-------------------------------------------
     0 | D:1      | snetch the Djinni Fire Elementalist began the quest for the
                  | Orb.
     0 | D:1      | Reached XP level 1. HP: 15/15 MP: 0/0
    40 | D:2      | Found a burning altar of Makhleb.
    82 | D:2      | Became a worshipper of Makhleb the Destroyer
   230 | D:1      | Reached XP level 2. HP: 20/21 MP: 0/0
   861 | D:1      | Reached skill level 3 in Spellcasting
  1074 | D:2      | Reached XP level 3. HP: 19/25 MP: 0/0
  1074 | D:2      | Learned a level 1 spell: Corona
  1230 | D:2      | Found Qypi's Magic Scroll Shoppe.
  1249 | D:2      | Bought a scroll of noise for 11 gold pieces
  1249 | D:2      | Bought a scroll of fear for 38 gold pieces
  1249 | D:2      | Bought a scroll of teleportation for 33 gold pieces
  1628 | D:2      | Noticed Sigmund
  1662 | D:1      | HP: 1/25 [quokka (2)]
  1678 | D:1      | Slain by a quokka

Illustrated notes

Levels and vault maps discovered:
D:1:      lightli_arrival_chessboard, layout_basic, hangedman_decor_push,
          hangedman_decor_growths
D:2:      layout_rooms, basic_altar, serial_shops, nicolae_shop_crystal,
          basic_ecumenical_altar, uniq_sigmund, uniq_jessica
D:3:      layout_rooms, slow_altar_2, general_overflow_altar

Skill      XL: |  1  2 |
---------------+-------+-----
Spellcasting   | 3 |  3.2
Armour         | |  0.1
Dodging        | |  2.4
Stealth        | |  1.9

Action                   || total
-------------------------++-------
 Cast: Foxfire           ||    59
Armor: Leather armour    ||     6
Dodge: Dodged            ||    16

Table legend: (Time is in decaauts)
 A = Elapsed time spent in this place.
 B = Non-inter-level travel time spent in this place.
 C = Inter-level travel time spent in this place.
 D = Time resting spent in this place.
 E = Time spent auto-exploring this place.
 F = Levels seen in this place.
 G = Mean time per level.
                   A        B        C        D        E       F      G
               +--------+--------+--------+--------+--------+-----+--------+
         Total |   1683 |   1615 |     68 |      0 |   1245 |   3 |  561.0 |
       Dungeon |   1683 |   1615 |     68 |      0 |   1245 |   3 |  561.0 |
               +--------+--------+--------+--------+--------+-----+--------+

Top non-repeatable levels by time:
     D:1: 1061 daAuts
     D:2: 595 daAuts
     D:3: 26 daAuts
